 Dungeon Crawl Stone Soup version 0.29.1-15-g9cfb28693d (webtiles) character file.

Game seed: 156749640221325817

8 protoss039 the Digger (level 2, 17/20 HPs)
             Began as a Demonspawn Earth Elementalist on Mar 13, 2023.
             Got out of the dungeon alive.
             The game lasted 00:00:17 (272 turns).

protoss039 the Digger (DsEE)                         Turns: 272, Time: 00:00:18

Health: 17/20      AC:  2    Str:  8    XL:     2   Next: 0%
Magic:  5/5        EV: 12    Int: 16    God:
Gold:   27         SH:  0    Dex: 13    Spells: 4/5 levels left

rFire   . . .      SeeInvis .   d - +0 sling
rCold   . . .      Faith    .   (no shield)
rNeg    . . .      Spirit   .   a - +0 robe
rPois   .          Reflect  .   (helmet restricted)
rElec   .          Harm     .   (no cloak)
rCorr   .          Rampage  .   (no gloves)
Will    .....                   (no boots)
Stlth   ++........              (no amulet)
HPRegen 0.06/turn               (no ring)
MPRegen 0.09/turn               (no ring)

@: no status effects
A: antennae 1
a: no special abilities


You escaped.
You visited 1 branch of the dungeon, and saw 1 of its levels.

You collected 27 gold pieces.

Inventory:

Hand Weapons
 d - a +0 sling (weapon)
Armour
 a - a +0 robe (worn)
Jewellery
 c - a ring of protection from fire
Scrolls
 g - a scroll of teleportation {unknown}
Potions
 b - 2 potions of magic
 e - a potion of cancellation {unknown}
 f - a potion of curing {unknown}


   Skills:
 + Level 0.7 Fighting
 - Level 1.7 Dodging
 - Level 1.7 Stealth
 + Level 2.2 Spellcasting
 - Level 0.8 Transmutations
 + Level 2.9 Earth Magic


You had 4 spell levels left.
You knew the following spells:

 Your Spells              Type           Power      Damage    Failure   Level
a - Sandblast             Erth           22%        2d7       6%          1

Your spell library contained the following spells:

 Spells                   Type           Power      Damage    Failure   Level
 Passwall                 Tmut/Erth      5%         N/A       14%         2
 Freeze                   Ice            4%         1d3       21%         1
 Stone Arrow              Conj/Erth      12%        3d7       32%         3
 Frozen Ramparts          Ice            2%         1d1       52%         3
 Petrify                  Tmut/Erth      7%         N/A       67%         4
 Hailstorm                Conj/Ice       1%         3d3       90%         4


Dungeon Overview and Level Annotations

Branches:
Dungeon (1/15) Zot: 5719

Altars:

Annotations:
D:1 2 transporters


Innate Abilities, Weirdness & Mutations

You have a pair of small antennae on your head.


Message History

You shoot a sling bullet.
The sling bullet closely misses the jackal.
The jackal bites you. The jackal barely misses you.
A jackal is nearby!
You shoot a sling bullet. The sling bullet hits the jackal.
The jackal is almost dead.
The jackal barely misses you.
A jackal is nearby!
A jackal is nearby!
You shoot a sling bullet.
The sling bullet barely misses the jackal.
The jackal barely misses you. The jackal closely misses you.
You shoot a sling bullet.
The sling bullet closely misses the jackal.
The jackal barely misses you. The jackal bites you.
A jackal is nearby!
You shoot a sling bullet.
The sling bullet hits the jackal but does no damage.
The jackal is almost dead.
The jackal barely misses you.
The jackal bites you but does no damage.
A jackal is nearby!
You shoot a sling bullet.
The sling bullet barely misses the jackal.
The jackal bites you. The jackal barely misses you.
A jackal is nearby!
You shoot a sling bullet.
The sling bullet closely misses the jackal.
The jackal bites you but does no damage.
The jackal barely misses you.
A jackal is nearby!
You shoot a sling bullet. The sling bullet hits the jackal.
You kill the jackal!
You have reached level 2!
Your demonic ancestry asserts itself...
A pair of antennae grows on your head!
You see here a ball python corpse.
There is a staircase leading out of the dungeon here.
Are you sure you want to leave the Dungeon?
This will make you lose the game!
You have escaped!

### ####~≈≈≈≈≈~~
##≈≈≈≈≈≈≈≈~.~
##≈≈≈≈≈≈≈≈~.©.
#≈≈≈≈≈≈≈≈≈~⌠>.
#~≈≈≈~~≈≈≈~.©.
##≈≈≈≈~.~≈≈~~.~~≈≈
##..≈≈~.©.~≈≈~~≈≈≈≈
#..~.≈..@⌠~≈≈≈≈≈≈≈≈
#.#≈≈.~.©.~≈≈≈≈≈≈≈≈
#####.#~≈≈~~.~≈≈≈≈≈≈≈≈#.#
#......~≈≈≈~~~≈≈~≈~# #.#
#.###.##~≈≈≈≈≈≈≈..### #.#
#.# #.######........# #.#
#.# #.# #.###..#.###.##
#.# #.# ##.# #..#.##...##
#.# #.# #..#
#....#.....###


There were no monsters in sight!

Vanquished Creatures
  2 ball pythons (D:1)
  An endoplasm (D:1)
  2 goblins (D:1)
  A jackal (D:1)
6 creatures vanquished.

Notes
Turn   | Place    | Note
-------+----------+-------------------------------------------
     0 | D:1      | protoss039 the Demonspawn Earth Elementalist began the
                  | quest for the Orb.
     0 | D:1      | Reached XP level 1. HP: 13/13 MP: 3/3
   187 | D:1      | Gained mutation: You have a pair of small antennae on your
                  | head. [demonic ancestry]
   187 | D:1      | Reached XP level 2. HP: 12/20 MP: 5/5
   272 | D:$      | Got out of the dungeon alive.

Illustrated notes

Levels and vault maps discovered:
D:1:      spicycebolla_arrival_transporter_tutorial, layout_loops_ring,
          basic_ecumenical_altar

Action                   || total
-------------------------++-------
 Fire: Sling             ||    19
 Cast: Sandblast         ||     2
Armor: Robe              ||     2
Dodge: Dodged            ||    15
